[Event "Elegant 1st Division League 2024"]
[Site "Dhaka"]
[Date "2024.07.12"]
[Round "2.17"]
[White "abu, Hanif"]
[Black "Vrashank Chouhan"]
[Result "1-0"]
[Annotator "TA"]
[ECO "D35"]
[WhiteElo "2076"]
[BlackElo "2209"]
[PlyCount "65"]
[EventDate "2024.07.10"]
[EventType "team-tourn"]
[EventCountry "BAN"]
[SourceTitle "playchess.com"]
[Source "ChessBase"]
[SourceQuality "1"]
[TimeControl "5400+30"]

1. d4 d5 2. c4 e6 3. cxd5 exd5 4. Nc3 Nf6 5. Bg5 Bb4 6. Qb3 c5 7. a3 Bxc3+ 8. bxc3 {[%emt 0:01:05] The position is equal.} Nc6 9. Nf3 O-O 10. Bxf6 (10. dxc5 $11 h6 11. Bxf6 Qxf6 12. e3) 10... Qxf6 $15 11. e3 c4 12. Qb2 Rb8 13. Be2 b5 14. O-O a5 15. Nd2 Bf5 16. Bf3 Qe6 17. Rfe1 Be4 18. Nxe4 dxe4 19. Be2 Ne7 20. Qc2 Rfc8 21. Rec1 Nd5 22. g3 b4 $2 (22... Rb7 $15 {stays ahead.}) 23. cxb4 $16 axb4 (23... c3 $16 {was called for.}) 24. Bxc4 $18 {[%emt 0:01:05] Black must now prevent Qa2.} Qe7 $2 (24... bxa3 {might work better.} 25. Rxa3 Nb4) 25. Qb3 Nc7 26. axb4 Rxb4 {[%emt 0:00:03] [#]} 27. Bxf7+ Kf8 {[%emt 0:00:02] [#]} (27... Kh8 28. Qc3) 28. Rxc7 $1 {[%emt 0:00:41] White is clearly winning.} Qxc7 29. Qxb4+ Kxf7 30. Qa5 Qxa5 31. Rxa5 Rc1+ 32. Kg2 Rc2 33. Re5 {[%emt 0:00:05] Weighted Error Value: White=0.10 (very precise) /Black=0.39.  Mistake:       	White=1     	Black=3      Inaccurate:     	White=3     	Black=3      OK:         	White=10    	Black=5      Best:        	White=3     	Black=2} 1-0

[Event "Elegant 1st Division League 2024"]
[Site "Dhaka"]
[Date "2024.07.12"]
[Round "2.18"]
[White "Tutul, Dhar"]
[Black "Ahmed, Feroz"]
[Result "1-0"]
[Annotator "RC"]
[ECO "E69"]
[WhiteElo "2008"]
[BlackElo "2042"]
[PlyCount "83"]
[EventDate "2024.07.10"]
[EventType "team-tourn"]
[EventCountry "BAN"]
[SourceTitle "playchess.com"]
[Source "ChessBase"]
[SourceQuality "1"]
[TimeControl "5400+30"]

1. d4 Nf6 2. c4 d6 3. g3 g6 4. Bg2 Bg7 5. Nf3 O-O 6. O-O Nbd7 7. Nc3 e5 8. e4 c6 9. h3 a5 10. Be3 Qe7 11. Qc2 Nh5 12. dxe5 dxe5 13. Rad1 f5 14. exf5 gxf5 15. Nh4 e4 16. Nxf5 Rxf5 17. g4 Nf4 18. gxf5 Nxg2 19. Kxg2 Nf6 20. Ne2 Bxf5 21. Ng3 Bg6 22. Qd2 h5 23. Bg5 Qf7 24. Qf4 Nh7 25. Qxf7+ Bxf7 26. Rd8+ Rxd8 27. Bxd8 Bxc4 28. Re1 a4 29. b3 axb3 30. axb3 Bxb3 31. Rb1 Bd5 32. Rxb7 Bc3 33. Kg1 Nf6 34. Bxf6 Bxf6 35. Nxh5 Bd4 36. Nf4 Bc4 37. Rb4 e3 38. Rxc4 exf2+ 39. Kg2 c5 40. Nd3 Kf7 41. Nxc5 f1=Q+ 42. Kxf1 1-0

[Event "Elegant 1st Division League 2024"]
[Site "Dhaka"]
[Date "2024.07.12"]
[Round "2.19"]
[White "Md, Sariatullah"]
[Black "Dakshita Kumawat"]
[Result "1-0"]
[Annotator "RC"]
[ECO "B20"]
[WhiteElo "2005"]
[BlackElo "1928"]
[PlyCount "59"]
[EventDate "2024.07.10"]
[EventType "team-tourn"]
[EventCountry "BAN"]
[SourceTitle "playchess.com"]
[Source "ChessBase"]
[SourceQuality "1"]
[TimeControl "5400+30"]

1. e4 e6 2. b3 c5 3. Bb2 d6 4. d4 cxd4 5. Qxd4 Nf6 6. Nc3 Nc6 7. Qd2 Be7 8. Be2 O-O 9. g4 d5 10. exd5 Nxd5 11. Nxd5 Qxd5 12. Qxd5 exd5 13. O-O-O Rd8 14. f4 f5 15. Bf3 fxg4 16. Bxd5+ Kh8 17. Ne2 Bf5 18. Bxc6 bxc6 19. Ng3 Bg6 20. Rhe1 Bh4 21. Bc3 Kg8 22. Re6 Rxd1+ 23. Kxd1 Rc8 24. Kc1 c5 25. Ra6 Rc7 26. Be5 Rb7 27. Rc6 Be7 28. Rc8+ Bf8 29. Bd6 Rf7 30. f5 1-0

[Event "Elegant 1st Division League 2024"]
[Site "Dhaka"]
[Date "2024.07.12"]
[Round "2.20"]
[White "Jamal Uddin"]
[Black "Noshin, Anjum"]
[Result "1/2-1/2"]
[Annotator "RC"]
[ECO "D45"]
[WhiteElo "1963"]
[BlackElo "2056"]
[PlyCount "140"]
[EventDate "2024.07.10"]
[EventType "team-tourn"]
[EventCountry "BAN"]
[SourceTitle "playchess.com"]
[Source "ChessBase"]
[SourceQuality "1"]
[TimeControl "5400+30"]

1. Nf3 d5 2. c4 c6 3. e3 Nf6 4. Nc3 e6 5. d4 Nbd7 6. Qc2 b6 7. Bd3 Bb7 8. O-O Bd6 9. h3 O-O 10. Rd1 h6 11. Qe2 Re8 12. e4 e5 13. dxe5 Nxe5 14. Nxe5 Bxe5 15. Qc2 Bxc3 16. bxc3 dxc4 17. Bxc4 Qe7 18. Re1 Rad8 19. e5 Nd5 20. a4 a6 21. Bb3 Qc5 22. Bd2 Bc8 23. Rac1 Re7 24. Re2 a5 25. Rce1 Ba6 26. Re4 Nb4 27. cxb4 Qxc2 28. Bxc2 Rxd2 29. Bb1 c5 30. b5 Bb7 31. R4e2 Rd4 32. Bc2 c4 33. g3 Bc8 34. Kg2 Be6 35. f4 g6 36. Kf3 c3 37. g4 Bc4 38. Re3 Bd5+ 39. Kg3 Rc7 40. f5 Rd2 41. R1e2 g5 42. Kf2 Kf8 43. Ke1 Rxe2+ 44. Kxe2 Bc4+ 45. Kd1 Bd5 46. Rd3 Rc5 47. Re3 Ke8 48. Kc1 Kd7 49. Bd1 Ke7 50. Kc2 Rc4 51. Kc1 Re4 52. Rxe4 Bxe4 53. Be2 f6 54. e6 Bg2 55. Kc2 Bxh3 56. Kxc3 h5 57. gxh5 Bxf5 58. h6 Bh7 59. Bc4 f5 60. Kd2 Kd6 61. Ke3 Ke7 62. Bd5 Kd6 63. Kd4 Bg6 64. Ke3 Bh7 65. Bb3 Bg6 66. Kd4 Bh7 67. Bd5 Bg6 68. Ke3 Bh7 69. Kf3 Bg6 70. Ke3 Ke5 1/2-1/2

[Event "Elegant 1st Division League 2024"]
[Site "Dhaka"]
[Date "2024.07.12"]
[Round "2.21"]
[White "Kazi Afsan Rawnak, Anan"]
[Black "Bhosale Shriraj"]
[Result "0-1"]
[Annotator "RC"]
[ECO "B12"]
[WhiteElo "1745"]
[BlackElo "2043"]
[PlyCount "82"]
[EventDate "2024.07.10"]
[EventType "team-tourn"]
[EventCountry "BAN"]
[SourceTitle "playchess.com"]
[Source "ChessBase"]
[SourceQuality "1"]
[TimeControl "5400+30"]

1. e4 c6 2. d4 d5 3. e5 c5 4. dxc5 e6 5. a3 Bxc5 6. Qg4 Ne7 7. Bd3 Ng6 8. Nf3 Nc6 9. O-O Qc7 10. Re1 Bd7 11. b4 Bb6 12. Bb2 O-O 13. Nbd2 a5 14. b5 Nce7 15. a4 Rac8 16. h4 Nf5 17. h5 Nge7 18. Qh3 f6 19. Re2 Nh6 20. g4 f5 21. g5 Ng4 22. Kg2 d4 23. Qg3 Nd5 24. Nb3 Be8 25. Nbxd4 Qd7 26. Rh1 Nc3 27. Bxc3 Rxc3 28. Qf4 Qd5 29. Nb3 Rxb3 30. cxb3 Qxd3 31. Qc4 Qd7 32. Rd2 Qe7 33. Rf1 Bxf2 34. Kh3 Bc5 35. Qe2 Bxh5 36. Kh4 Be8 37. Rd3 Qf7 38. Kg3 f4+ 39. Kh3 Qf5 40. Nd4 Bxd4 41. Rxd4 Ne3+ 0-1

[Event "Elegant 1st Division League 2024"]
[Site "Dhaka"]
[Date "2024.07.12"]
[Round "2.22"]
[White "abzid, Rahman"]
[Black "Uddipan Roy"]
[Result "0-1"]
[Annotator "RC"]
[ECO "E99"]
[WhiteElo "2037"]
[BlackElo "1967"]
[PlyCount "104"]
[EventDate "2024.07.10"]
[EventType "team-tourn"]
[EventCountry "BAN"]
[SourceTitle "playchess.com"]
[Source "ChessBase"]
[SourceQuality "1"]
[TimeControl "5400+30"]

1. d4 Nf6 2. c4 g6 3. Nc3 Bg7 4. e4 d6 5. Nf3 O-O 6. Be2 e5 7. O-O Nc6 8. d5 Ne7 9. Ne1 Nd7 10. Be3 f5 11. f3 f4 12. Bf2 g5 13. Nd3 Ng6 14. c5 Nf6 15. cxd6 cxd6 16. Rc1 Rf7 17. Kh1 h5 18. g3 fxg3 19. Bxg3 h4 20. Bf2 Nh5 21. Rg1 Bd7 22. Be3 Nhf4 23. Nxf4 Nxf4 24. Bf1 Qf6 25. Rc2 Kh7 26. Rf2 Bh6 27. Ne2 Nh3 28. Bxh3 Bxh3 29. Qd2 Rg8 30. Qd3 a6 31. Qb3 Qg6 32. Qd3 Bd7 33. f4 Bb5 34. Qc2 g4 35. f5 Qh5 36. Bxh6 g3 37. Rfg2 Qf3 38. h3 Kxh6 39. Qd2+ Kh7 40. Nc3 Rc7 41. Qd1 Qxd1 42. Rxd1 Rgc8 43. Rgd2 Be8 44. Kg2 b5 45. a3 Bh5 46. Rf1 Kg7 47. f6+ Kf7 48. Rd3 Rc4 49. Re3 Rd4 50. Rf5 Bg6 51. Rg5 Rd2+ 52. Kf3 Rf2+ 0-1

[Event "Elegant 1st Division League 2024"]
[Site "Dhaka"]
[Date "2024.07.12"]
[Round "2.23"]
[White "Abdul, Momin"]
[Black "Tajane Ganesh"]
[Result "1-0"]
[Annotator "RC"]
[ECO "B01"]
[WhiteElo "1911"]
[BlackElo "1772"]
[PlyCount "85"]
[EventDate "2024.07.10"]
[EventType "team-tourn"]
[EventCountry "BAN"]
[SourceTitle "playchess.com"]
[Source "ChessBase"]
[SourceQuality "1"]
[TimeControl "5400+30"]

1. e4 d5 2. exd5 Nf6 3. d4 Bg4 4. Ne2 Qxd5 5. Nbc3 Qd7 6. h3 Bxe2 7. Bxe2 e6 8. Bf3 c6 9. O-O Be7 10. Ne4 O-O 11. b3 Qc7 12. Qe2 Nxe4 13. Bxe4 Nd7 14. c4 Bf6 15. Bb2 c5 16. Rad1 Bxd4 17. Bxd4 cxd4 18. Rxd4 g6 19. Rfd1 Nc5 20. Bc2 Rad8 21. Qe3 Rxd4 22. Qxd4 e5 23. Qd6 Rc8 24. Qxc7 Rxc7 25. Kf1 Kf8 26. Rd5 f6 27. Rd8+ Ke7 28. Rh8 Kd6 29. g3 f5 30. b4 Na6 31. c5+ Kd5 32. a3 Kc4 33. Rd8 e4 34. Bd1 Kc3 35. Ra8 Rd7 36. Be2 g5 37. Rxa7 Nb8 38. b5 Kd4 39. c6 bxc6 40. Rxd7+ Nxd7 41. bxc6 Nb6 42. c7 Kc5 43. Ba6 1-0

[Event "Elegant 1st Division League 2024"]
[Site "Dhaka"]
[Date "2024.07.12"]
[Round "2.24"]
[White "Bhuiyan, Golam Mostafa"]
[Black "Bivor Adak"]
[Result "0-1"]
[Annotator "RC"]
[ECO "D52"]
[WhiteElo "2078"]
[BlackElo "1967"]
[PlyCount "156"]
[EventDate "2024.07.10"]
[EventType "team-tourn"]
[EventCountry "BAN"]
[SourceTitle "playchess.com"]
[Source "ChessBase"]
[SourceQuality "1"]
[TimeControl "5400+30"]

1. d4 d5 2. c4 e6 3. Nf3 Nf6 4. Nc3 c6 5. Bg5 Nbd7 6. e3 Qa5 7. Bxf6 Nxf6 8. Bd3 dxc4 9. Bxc4 b5 10. Bb3 Be7 11. O-O O-O 12. Re1 c5 13. a3 Bb7 14. Qe2 a6 15. Rad1 Rad8 16. Rd2 Qb6 17. Red1 Ne4 18. Nxe4 Bxe4 19. Bc2 Bxf3 20. Qxf3 cxd4 21. exd4 Bf6 22. Qe3 Rd6 23. Be4 Rfd8 24. d5 Qxe3 25. fxe3 Kf8 26. Bf3 exd5 27. b3 d4 28. exd4 Bxd4+ 29. Kf1 Bc5 30. Rxd6 Rxd6 31. a4 bxa4 32. bxa4 Bd4 33. h3 a5 34. Rb1 g6 35. Rb5 Bc3 36. Rd5 Rb6 37. Rd3 Bb4 38. Rd5 Re6 39. Rd1 Ke7 40. Bd5 Re5 41. Bc6 Rc5 42. Bb5 Ke6 43. Bd3 f5 44. Kf2 Rc3 45. Kf1 Ke5 46. Bb5 Rc2 47. Kg1 f4 48. Rf1 Bc5+ 49. Kh1 Bf2 50. Rb1 Kd4 51. Rd1+ Kc5 52. Bd3 Ra2 53. Bb5 Be3 54. Bd7 g5 55. Be8 h5 56. Rd5+ Kxd5 57. Bf7+ Kc5 58. Bxa2 Kb4 59. Bf7 Kxa4 60. Bxh5 Bf2 61. Bf7 Kb4 62. Kh2 a4 63. g4 Kc3 64. Kg2 Bh4 65. Kf3 a3 66. Ke4 Kb2 67. Kd3 f3 68. Ke3 f2 69. Ke2 a2 70. Bxa2 Kxa2 71. Kf1 Kb1 72. Kg2 Kc2 73. Kh2 f1=R 74. Kg2 Rf2+ 75. Kh1 Kd3 76. Kg1 Ke3 77. Kh1 Kf3 78. Kg1 Kg3 0-1

[Event "Elegant 1st Division League 2024"]
[Site "Dhaka"]
[Date "2024.07.13"]
[Round "3.1"]
[White "Bhosale Shriraj"]
[Black "Ahmed, Mahtabuddin"]
[Result "1-0"]
[Annotator "ChessBase"]
[ECO "A07"]
[WhiteElo "2043"]
[BlackElo "1974"]
[PlyCount "141"]
[EventDate "2024.07.10"]
[EventType "team-tourn"]
[EventCountry "BAN"]
[SourceTitle "playchess.com"]
[Source "ChessBase"]
[SourceQuality "1"]
[TimeControl "5400+30"]

1. Nf3 d5 2. g3 c6 3. Bg2 Bf5 4. d3 h6 5. O-O Nf6 6. c3 Nbd7 7. Nbd2 e5 8. h3 Be7 9. Re1 O-O 10. e4 dxe4 11. dxe4 Bh7 12. Qc2 Qc7 13. Nh4 Rfd8 14. Nf5 Bf8 15. Nf1 Nc5 16. Be3 Qc8 17. Bxc5 Bxc5 18. b4 Bf8 19. N1e3 Qe6 20. Bf1 Rd7 21. Bc4 Qe8 22. Ng4 Nxg4 23. hxg4 g6 24. Ne3 Rad8 25. Rad1 Rxd1 26. Rxd1 Rxd1+ 27. Qxd1 Qe7 28. Kg2 Kg7 29. Bb3 g5 30. Qd3 Qd6 31. Qc4 Qd7 32. a4 a6 33. a5 Bg6 34. Nf5+ Bxf5 35. gxf5 Bd6 36. Qd3 Qe7 37. Bd1 Bc7 38. Bh5 Bb8 39. Qe3 c5 40. bxc5 Ba7 41. Qd2 Qxc5 42. Qa2 Qe7 43. Qd5 Bb8 44. f6+ Kxf6 45. Bxf7 Qxf7 46. Qd8+ Qe7 47. Qxb8 Kg7 48. c4 g4 49. Qc8 h5 50. c5 Qf7 51. Kg1 Qb3 52. Qc7+ Kf6 53. Qb6+ Qe6 54. Qxb7 Qc4 55. Qb6+ Kg5 56. Qd8+ Kg6 57. Qd6+ Kh7 58. Qxe5 Kg6 59. Qd5 Qe2 60. c6 h4 61. Qf5+ Kg7 62. gxh4 g3 63. Qg5+ Kh7 64. Qxg3 Qxe4 65. c7 Qc6 66. h5 Kh8 67. Qe5+ Kg8 68. Qg5+ Kh8 69. Qd8+ Kh7 70. c8=Q Qc1+ 71. Qxc1 1-0

[Event "Elegant 1st Division League 2024"]
[Site "Dhaka"]
[Date "2024.07.13"]
[Round "3.2"]
[White "Shourya Paul"]
[Black "abzid, Rahman"]
[Result "1/2-1/2"]
[Annotator "RC"]
[ECO "B26"]
[WhiteElo "1813"]
[BlackElo "2037"]
[PlyCount "61"]
[EventDate "2024.07.10"]
[EventType "team-tourn"]
[EventCountry "BAN"]
[SourceTitle "playchess.com"]
[Source "ChessBase"]
[SourceQuality "1"]
[TimeControl "5400+30"]

1. e4 c5 2. Nc3 Nc6 3. g3 g6 4. Bg2 Bg7 5. d3 e6 6. Be3 d6 7. Qd2 h6 8. Nge2 Nd4 9. O-O Ne7 10. f4 Nec6 11. Bf2 O-O 12. Nxd4 Nxd4 13. Nd1 Kh7 14. c3 Nc6 15. Ne3 f5 16. Rae1 Bd7 17. Nc2 Qa5 18. a3 Rad8 19. b4 cxb4 20. axb4 Qc7 21. exf5 gxf5 22. Na3 Ne7 23. c4 Rfe8 24. b5 b6 25. Nc2 d5 26. Qe2 Rc8 27. Na3 Qd6 28. Qa2 dxc4 29. dxc4 Bd4 30. Kh1 Bxf2 31. Rxf2 1/2-1/2

[Event "Elegant 1st Division League 2024"]
[Site "Dhaka"]
[Date "2024.07.13"]
[Round "3.3"]
[White "Tajane Ganesh"]
[Black "Jodunath, Biswas"]
[Result "1-0"]
[Annotator "RC"]
[ECO "B22"]
[WhiteElo "1772"]
[BlackElo "1918"]
[PlyCount "75"]
[EventDate "2024.07.10"]
[EventType "team-tourn"]
[EventCountry "BAN"]
[SourceTitle "playchess.com"]
[Source "ChessBase"]
[SourceQuality "1"]
[TimeControl "5400+30"]

1. e4 c5 2. c3 d6 3. d4 cxd4 4. cxd4 g6 5. Nc3 Bg7 6. h3 Nf6 7. g3 O-O 8. Bg2 Nc6 9. Nge2 Bd7 10. Be3 a6 11. O-O Rc8 12. Qd2 b5 13. b3 h5 14. Rac1 Kh7 15. d5 Nb8 16. Nd4 Qa5 17. Nce2 Qxd2 18. Bxd2 Rxc1 19. Rxc1 Rc8 20. Rxc8 Bxc8 21. f4 Bb7 22. Kf2 Kg8 23. Ke3 Nfd7 24. Bb4 Kf8 25. Nc3 Ke8 26. a4 bxa4 27. Nxa4 Kd8 28. h4 Nf6 29. Ba5+ Ke8 30. Bf3 Nbd7 31. Kd3 Nb8 32. Kc4 Kd7 33. e5 Ng4 34. e6+ fxe6 35. dxe6+ Kc8 36. Nb6+ Kc7 37. Nd5+ Kc8 38. Nxe7# 1-0

[Event "Elegant 1st Division League 2024"]
[Site "Dhaka"]
[Date "2024.07.13"]
[Round "3.4"]
[White "Shankhodip De"]
[Black "Bhuiyan, Golam Mostafa"]
[Result "1-0"]
[Annotator "RC"]
[ECO "E11"]
[WhiteElo "1942"]
[BlackElo "2078"]
[PlyCount "89"]
[EventDate "2024.07.10"]
[EventType "team-tourn"]
[EventCountry "BAN"]
[SourceTitle "playchess.com"]
[Source "ChessBase"]
[SourceQuality "1"]
[TimeControl "5400+30"]

1. d4 d5 2. c4 e6 3. Nf3 Nf6 4. g3 c6 5. Bg2 Bb4+ 6. Bd2 Bxd2+ 7. Nbxd2 O-O 8. Qc2 b6 9. O-O Bb7 10. e4 dxe4 11. Nxe4 Nxe4 12. Qxe4 Nd7 13. Rad1 Qc7 14. Qc2 Nf6 15. c5 h6 16. Rfe1 Rfd8 17. a3 bxc5 18. dxc5 Rd5 19. Nd2 Re5 20. Rxe5 Qxe5 21. b4 Nd5 22. Nc4 Qc7 23. Re1 Ba6 24. Nd6 Bb7 25. f4 Ne7 26. Bh3 Bc8 27. Qb2 Kf8 28. Qc2 Kg8 29. Qb2 Kf8 30. Qb3 Nd5 31. f5 Qe7 32. Nxc8 Rxc8 33. fxe6 Re8 34. Rf1 Nf6 35. exf7 Rd8 36. Qe6 Qxe6 37. Bxe6 Rd3 38. Rc1 Re3 39. Bc4 Rxa3 40. b5 cxb5 41. c6 Ne4 42. c7 Nd6 43. Rd1 Rc3 44. c8=Q+ Nxc8 45. Rd8+ 1-0

[Event "Elegant 1st Division League 2024"]
[Site "Dhaka"]
[Date "2024.07.13"]
[Round "3.5"]
[White "Vrashank Chouhan"]
[Black "Kazi Afsan Rawnak, Anan"]
[Result "1-0"]
[Annotator "TA"]
[ECO "A06"]
[WhiteElo "2209"]
[BlackElo "1745"]
[PlyCount "57"]
[EventDate "2024.07.10"]
[EventType "team-tourn"]
[EventCountry "BAN"]
[SourceTitle "playchess.com"]
[Source "ChessBase"]
[SourceQuality "1"]
[TimeControl "5400+30"]

1. Nf3 c5 2. e3 d5 3. b3 Nf6 4. Bb2 Nc6 5. Bb5 a6 6. Bxc6+ bxc6 7. d3 Bg4 8. h3 {[%emt 0:01:28] White is slightly better.} Bxf3 9. Qxf3 g6 10. O-O Bg7 11. c4 O-O 12. Nc3 e6 13. Rac1 Nd7 14. Rfd1 Re8 15. cxd5 cxd5 16. e4 Bxc3 17. Bxc3 d4 18. Bd2 Qb6 19. Qg3 f5 {[%emt 0:07:38] [#]} (19... Qb5 $11) 20. Re1 (20. exf5 $1 $16 exf5 21. Re1) 20... Rac8 {[%emt 0:07:46] Loses the game.} (20... Qb8 $14) 21. exf5 $18 exf5 22. Qf3 {[%emt 0:00:02] Strongly threatening Qd5+.} Kg7 (22... Nf8 {was called for.} 23. Qd5+ Ne6) 23. b4 Qc6 $2 {[%emt 0:10:39] [#]} (23... Ne5 24. Qg3 Nf7 25. Rxe8 Rxe8 26. bxc5 Qc6) 24. Qxc6 {[%emt 0:01:03] White is clearly winning.} Rxe1+ 25. Rxe1 Rxc6 26. Re7+ Kf6 27. Rxd7 cxb4 28. Bxb4 Rc1+ 29. Kh2 {[%emt 0:00:04] Weighted Error Value: White=0.11 (very precise) /Black=0.41.  Mistake:       	White=1     	Black=4      Inaccurate:     	White=1     	---        OK:         	White=6     	Black=8      Best:        	White=4     	Black=2} 1-0

[Event "Elegant 1st Division League 2024"]
[Site "Dhaka"]
[Date "2024.07.13"]
[Round "3.6"]
[White "Uddipan Roy"]
[Black "Tutul, Dhar"]
[Result "0-1"]
[Annotator "RC"]
[ECO "B12"]
[WhiteElo "1967"]
[BlackElo "2008"]
[PlyCount "102"]
[EventDate "2024.07.10"]
[EventType "team-tourn"]
[EventCountry "BAN"]
[SourceTitle "playchess.com"]
[Source "ChessBase"]
[SourceQuality "1"]
[TimeControl "5400+30"]

1. e4 c6 2. d4 d5 3. e5 Bf5 4. Nf3 e6 5. Be2 Nd7 6. O-O Ne7 7. c3 c5 8. dxc5 Nc6 9. b4 Ncxe5 10. Nd4 Bg6 11. f4 Nc6 12. Nd2 Be7 13. g4 h6 14. N2b3 Be4 15. Be3 O-O 16. Nxc6 bxc6 17. Na5 Bxc5 18. Bxc5 Nxc5 19. Qd4 Na4 20. Nxc6 Qh4 21. Qe3 Rac8 22. b5 f5 23. g5 hxg5 24. Ne7+ Kh7 25. Nxc8 Rxc8 26. Rac1 gxf4 27. Qxf4 Qxf4 28. Rxf4 Nxc3 29. Rh4+ Kg6 30. Kf2 Kf6 31. Ke1 d4 32. Rh3 e5 33. a4 f4 34. Bd3 Bxd3 35. Rxd3 Rc5 36. Rh3 e4 37. Rh4 Rf5 38. Kf2 f3 39. Rxc3 e3+ 40. Rxe3 dxe3+ 41. Ke1 f2+ 42. Kf1 e2+ 43. Kxe2 f1=Q+ 44. Ke3 Qf2+ 45. Kd3 Qxh4 46. a5 Rf3+ 47. Ke2 Qe4+ 48. Kd2 Qd3+ 49. Kc1 Rf1+ 50. Kb2 Rb1+ 51. Ka2 Qb3# 0-1

[Event "Elegant 1st Division League 2024"]
[Site "Dhaka"]
[Date "2024.07.13"]
[Round "3.7"]
[White "Dakshita Kumawat"]
[Black "Abdul, Momin"]
[Result "1-0"]
[Annotator "RC"]
[ECO "E20"]
[WhiteElo "1928"]
[BlackElo "1911"]
[PlyCount "125"]
[EventDate "2024.07.10"]
[EventType "team-tourn"]
[EventCountry "BAN"]
[SourceTitle "playchess.com"]
[Source "ChessBase"]
[SourceQuality "1"]
[TimeControl "5400+30"]

1. d4 Nf6 2. c4 e6 3. Nc3 Bb4 4. f3 Bxc3+ 5. bxc3 c5 6. e4 d6 7. Bd3 Nbd7 8. Ne2 b6 9. O-O Bb7 10. Be3 Qc7 11. Qb1 Ba6 12. Rc1 O-O 13. f4 Ng4 14. Bd2 e5 15. h3 Ngf6 16. fxe5 dxe5 17. d5 Ne8 18. Qb3 Nd6 19. Qa4 Bc8 20. Ng3 Nf6 21. Rf1 Nfe8 22. Rf2 Qe7 23. Raf1 Qh4 24. Kh2 Kh8 25. Be2 Qe7 26. Qc2 Ba6 27. Qb3 Rd8 28. a4 Qh4 29. Bd3 Nf6 30. Nf5 Nxf5 31. Rxf5 Nxe4 32. Be1 Qe7 33. Bxe4 f6 34. Rh5 h6 35. Qa2 Qe8 36. Rhf5 Bc8 37. R5f2 Qh5 38. Qc2 Qe8 39. Bg6 Qe7 40. Bd2 Rd6 41. g4 Ba6 42. Qe4 Qd7 43. Qxe5 Bxc4 44. Re1 Bxd5 45. Qe7 Rd8 46. Bf4 Re6 47. Rxe6 Bxe6 48. Qxd7 Rxd7 49. Re2 Bg8 50. Re8 Rd1 51. Bf7 g5 52. Be3 Kg7 53. Bxg8 Rd3 54. c4 Ra3 55. Bd5 Rxa4 56. Kg2 Ra2+ 57. Kf3 a5 58. Rg8+ Kh7 59. Rb8 Rb2 60. Rb7+ Kh8 61. Bxc5 Rb3+ 62. Ke4 Rxh3 63. Bd4 1-0

[Event "Elegant 1st Division League 2024"]
[Site "Dhaka"]
[Date "2024.07.13"]
[Round "3.8"]
[White "Bivor Adak"]
[Black "Jamal Uddin"]
[Result "1-0"]
[Annotator "RC"]
[ECO "B95"]
[WhiteElo "1967"]
[BlackElo "1963"]
[PlyCount "135"]
[EventDate "2024.07.10"]
[EventType "team-tourn"]
[EventCountry "BAN"]
[SourceTitle "playchess.com"]
[Source "ChessBase"]
[SourceQuality "1"]
[TimeControl "5400+30"]

1. e4 c5 2. Nf3 d6 3. d4 cxd4 4. Nxd4 Nf6 5. Nc3 a6 6. Bg5 e6 7. Qf3 Nbd7 8. O-O-O Qc7 9. Qg3 b5 10. Bxb5 axb5 11. Ndxb5 Qb8 12. Nxd6+ Bxd6 13. Rxd6 O-O 14. Rhd1 Qb7 15. f3 Ne8 16. R6d4 f6 17. Be3 Ne5 18. f4 Nc6 19. Rc4 Na5 20. Rc5 Bd7 21. Bf2 Rf7 22. Qd3 Bc6 23. a3 Rd7 24. Qe2 Rxd1+ 25. Qxd1 Qd7 26. Qxd7 Bxd7 27. e5 Nb7 28. Rc4 Rc8 29. Rxc8 Bxc8 30. b4 Kf7 31. Ne4 Bd7 32. Kd2 Bc6 33. Kd3 Ke7 34. g4 Kd7 35. c4 Kc7 36. Bd4 f5 37. gxf5 exf5 38. Nc3 Nd8 39. Be3 Ne6 40. Nd5+ Kd7 41. h4 N8c7 42. Nxc7 Nxc7 43. b5 Nxb5 44. cxb5 Bxb5+ 45. Kd4 Kc6 46. Bd2 Ba6 47. a4 g6 48. a5 Bc8 49. Bc3 Ba6 50. Bb4 Bc8 51. Be7 Kd7 52. Ba3 Kc6 53. Bf8 h5 54. Ba3 Be6 55. a6 Kb6 56. a7 Kxa7 57. Kc5 Bb3 58. Kd6 Kb6 59. e6 Kb5 60. e7 Bf7 61. Kd7 Kc4 62. e8=Q Bxe8+ 63. Kxe8 Kd5 64. Kf7 Ke4 65. Bd6 Kf3 66. Kxg6 Kg4 67. Bc7 Kxh4 68. Kxf5 1-0

[Event "Elegant 1st Division League 2024"]
[Site "Dhaka"]
[Date "2024.07.13"]
[Round "3.9"]
[White "Sajib, Das"]
[Black "Neloy, Debnath"]
[Result "1-0"]
[Annotator "RC"]
[ECO "B09"]
[WhiteElo "1894"]
[BlackElo "1959"]
[PlyCount "73"]
[EventDate "2024.07.10"]
[EventType "team-tourn"]
[EventCountry "BAN"]
[SourceTitle "playchess.com"]
[Source "ChessBase"]
[SourceQuality "1"]
[TimeControl "5400+30"]

1. e4 d6 2. d4 Nf6 3. Nc3 g6 4. f4 Bg7 5. Nf3 c5 6. dxc5 Qa5 7. Bd3 Qxc5 8. Qe2 O-O 9. Be3 Qa5 10. O-O Bg4 11. h3 Bxf3 12. Qxf3 Nc6 13. a3 a6 14. Rae1 Rac8 15. g4 Nd7 16. Nd1 b5 17. c3 Qc7 18. Kh1 Nc5 19. Bb1 Na4 20. Re2 Na5 21. f5 Nc4 22. g5 Ne5 23. Qg2 Nc5 24. f6 Bh8 25. Bd4 exf6 26. gxf6 Qd8 27. Ref2 Ncd7 28. Qg5 Re8 29. Ba2 Nc4 30. Ne3 Nxe3 31. Qxe3 Ne5 32. Bd5 Qc7 33. Qh6 Nc6 34. Rg2 Nxd4 35. Rxg6+ hxg6 36. Qxg6+ Kf8 37. Qh6+ 1-0

[Event "Elegant 1st Division League 2024"]
[Site "Dhaka"]
[Date "2024.07.13"]
[Round "3.11"]
[White "Kazi, Saiyf"]
[Black "Md, Sariatullah"]
[Result "0-1"]
[Annotator "RC"]
[ECO "D02"]
[WhiteElo "1881"]
[BlackElo "2005"]
[PlyCount "112"]
[EventDate "2024.07.10"]
[EventType "team-tourn"]
[EventCountry "BAN"]
[SourceTitle "playchess.com"]
[Source "ChessBase"]
[SourceQuality "1"]
[TimeControl "5400+30"]

1. d4 d5 2. Nf3 Nf6 3. Bf4 c5 4. e3 Bf5 5. Nc3 a6 6. Be2 e6 7. Ne5 h6 8. g4 Be4 9. Bf3 cxd4 10. exd4 Bb4 11. g5 hxg5 12. Bxg5 Bf5 13. Bg4 Bxg4 14. Nxg4 Nbd7 15. Qd3 Qc7 16. Nxf6+ gxf6 17. Bd2 Rxh2 18. O-O-O O-O-O 19. Rxh2 Qxh2 20. Qf3 Rh8 21. Bf4 Qh3 22. Bg3 Bd6 23. Ne2 Bxg3 24. Nxg3 Qh6+ 25. Kb1 Qg5 26. a4 Kb8 27. Ne2 f5 28. Rg1 Qd2 29. b3 Rc8 30. Qf4+ Qxf4 31. Nxf4 Kc7 32. Rg7 Rf8 33. c4 dxc4 34. bxc4 Kd6 35. Kc2 Rc8 36. c5+ Ke7 37. Kd3 b6 38. cxb6 Nxb6 39. a5 Nc4 40. Rg1 Nd6 41. Ne2 Nb5 42. Rc1 Rxc1 43. Nxc1 Kd6 44. Kc4 f6 45. f4 Kc6 46. Nb3 Nd6+ 47. Kd3 Ne4 48. Kc4 Nd6+ 49. Kd3 Nb7 50. Kc4 Kd6 51. Kd3 Kd5 52. Na1 Nxa5 53. Nc2 Nc6 54. Ne3+ Kd6 55. Kc4 Ne7 56. Kb4 Nd5+ 0-1